 Dungeon Crawl Stone Soup version 0.14-a0-305-g056651f (webtiles) character file.

267 PolkaDot the Chiller (level 5, -4/35 HPs)
             Began as a Vampire Ice Elementalist on Oct 19, 2013.
             Killed from afar by an orc wizard (7 damage)
             ... with a magic dart
             ... on Level 3 of the Dungeon.
             The game lasted 00:11:59 (2232 turns).

PolkaDot the Chiller (Vampire Ice Elementalist)     Turns: 2232, Time: 00:12:01

HP  -4/35        AC  2     Str  7      XL: 5   Next: 23%
MP   0/9         EV 12     Int 18      God:
Gold 99          SH  0     Dex 14      Spells:  2 memorised,  2 levels left

Res.Fire  : . . .   See Invis. : +   k - +0 elf falchion
Res.Cold  : + + .   Warding    : .   a - +0 robe
Life Prot.: + + +   Conserve   : +   (no shield)
Res.Poison: +       Res.Corr.  : .   (no helmet)
Res.Elec. : .       Clarity    : .   (no cloak)
Sust.Abil.: . .     Spirit.Shd : .   (no gloves)
Res.Mut.  : .       Stasis     : .   (no boots)
Res.Rott. : +       Flight     : .   h - amulet of conservation {unknown}
Saprovore : . . .                    (no ring)
                                     o - ring of poison resistance {unknown}

@: non-regenerating, slightly resistant to hostile enchantments, stealthy
A: fangs 3, see invisible, unbreathing
a: Bat Form


You were on level 3 of the Dungeon.
You were bloodless.

You visited 1 branch of the dungeon, and saw 3 of its levels.

You collected 79 gold pieces.

Inventory:

Hand weapons
 k - a +0,+0 elven falchion (weapon)
Armour
 a - a +0 robe (worn)
Scrolls
 e - 2 scrolls of identify {unknown}
 g - a scroll of blinking {unknown}
 i - 2 scrolls of teleportation {unknown}
 j - 2 scrolls of fog {unknown}
 l - a scroll of random uselessness {unknown}
 m - a scroll of remove curse {unknown}
Jewellery
 h - an amulet of conservation (around neck) {unknown}
 o - a ring of poison resistance (left hand) {unknown}
Potions
 c - a potion of coagulated blood
 d - 5 potions of curing {unknown}
 f - a potion of paralysis {unknown}
 n - a potion of magic {unknown}
Books
 b - a book of Frost

   Spells                             Type                      Level
   *Freeze                            Ice                          1
   Throw Frost                        Conjuration/Ice              2
   *Ozocubu's Armour                  Charms/Ice                   3
   Throw Icicle                       Conjuration/Ice              4
   Summon Ice Beast                   Ice/Summoning                4
   Condensation Shield                Ice                          4


   Skills:
 - Level 2.1 Dodging
 - Level 3.0 Stealth
 - Level 1.0 Spellcasting
   Level 0.6 Conjurations
 * Level 6.0 Ice Magic


You had 2 spell levels left.
You knew the following spells:

 Your Spells              Type           Power        Failure   Level  Hunger
a - Freeze                Ice            ###.         1%          1    ##.....
b - Ozocubu's Armour      Chrm/Ice       ##........   21%         3    ####...


Dungeon Overview and Level Annotations

Branches:
Dungeon (3/27)

Altars:


Innate Abilities, Weirdness & Mutations

You do not heal naturally.
You have razor-sharp teeth.*
You have supernaturally acute eyesight.
You can survive without breathing.*


Message History

Confirm with . or Enter, or press ? or * to list all spells.
Aiming: Freeze
Press: ? - help, Shift-Dir - straight line, f - orc wizard
Aim: an orc wizard, wielding a runed orcish dagger and wearing an orcish robe (heavily wounded, slightly transparent)
You freeze the orc wizard.
The orc wizard is almost dead.
The orc wizard points at you and mumbles some strange words.
The puff of frost hits the orc wizard.
The orc wizard dies!
Your Ice Magic skill increases to level 6!
Things that are here:
a runed orcish dagger; an orcish robe; a glowing orcish short sword an orcish chain mail You hit the orc wizard but do no damage.
The orc wizard casts a spell at you. The puff of flame hits you!
* * * LOW HITPOINT WARNING * * *
The orc wizard points at you and mumbles some strange words.
The magic dart hits you!
You die...

......... .
..######. ... #. #.#
#. #.# #. #.# #.
#.##.# #.
#########.##.######.
#.o@)[....##.......)
########.....#####..
#......# #..
#......# #..
#####......####..
#................
#.###.....#####..
#................
################.


You could see an orc wizard.

Vanquished Creatures
  An orc priest (D:3)
  A scorpion (D:3)
  4 adders (D:2)
  3 giant geckos
  An ooze (D:2)
  3 orcs (D:3)
  4 giant cockroaches
  8 goblins
  7 hobgoblins
  3 jackals (D:2)
  7 kobolds
  A ball python (D:1)
  8 bats
  3 giant newts (D:2)
  7 rats
61 creatures vanquished.

Vanquished Creatures (others)
  An orc wizard (D:3)
1 creature vanquished.

Grand Total: 62 creatures vanquished

Notes
Turn   | Place    | Note
--------------------------------------------------------------
     0 | D:1      | PolkaDot, the Vampire Ice Elementalist, began the quest for the Orb.
     0 | D:1      | Reached XP level 1. HP: 13/13 MP: 4/4
   310 | D:1      | Reached XP level 2. HP: 17/19 MP: 2/5
   680 | D:1      | Reached skill level 4 in Ice Magic
  1082 | D:2      | Reached XP level 3. HP: 24/24 MP: 4/6
  1529 | D:2      | Reached XP level 4. HP: 27/30 MP: 2/8
  1634 | D:2      | Reached skill level 5 in Ice Magic
  1830 | D:2      | Learned a level 3 spell: Ozocubu's Armour
  2229 | D:3      | Reached XP level 5. HP: 9/35 MP: 1/9
  2230 | D:3      | Reached skill level 6 in Ice Magic
  2232 | D:3      | Killed from afar by an orc wizard

Action                   |  1- 3 |  4- 6 || total
-------------------------+-------+-------++-------
Melee: Unarmed           |     2 |       ||     2
       Falchion          |       |     2 ||     2
 Cast: Freeze            |    65 |    36 ||   101
 Stab: Sleeping          |     1 |       ||     1
